 Dungeon Crawl Stone Soup version 0.23.2-1-ga50397a6bc (webtiles) character file.

Game seed: 10141328508124973039

98 Freyura the Ducker (level 4, -2/41 HPs)
             Began as a Gnoll Monk on May 9, 2019.
             Slain by a phantom (5 damage)
             ... on level 3 of the Dungeon.
             The game lasted 00:04:53 (1613 turns).

Freyura the Ducker (Gnoll Monk)                     Turns: 1613, Time: 00:04:54

Health: -2/41      AC:  5    Str: 14    XL:     4   Next: 71%
Magic:  5/5        EV: 16    Int: 12    God:
Gold:   130        SH:  0    Dex: 18    Spells: 5/5 levels left

rFire    + . .     SeeInvis .   e - +1 whip (venom)
rCold    . . .     Gourm    .   (no shield)
rNeg     . . .     Faith    .   h - +0 leather armour (curse)
rPois    .         Spirit   .   (no helmet)
rElec    .         Reflect  .   (no cloak)
rCorr    .         Harm     .   (no gloves)
MR       .....                  (no boots)
Stlth    +++.......             (no amulet)
HPRegen  0.13/turn              p - ring of protection from fire
MPRegen  0.09/turn              l - +2 ring of protection

@: no status effects
A: distributed training, fangs 1, strong nose
a: no special abilities


You were on level 3 of the Dungeon.
You were not hungry.

You visited 1 branch of the dungeon, and saw 3 of its levels.

You collected 130 gold pieces.

Inventory:

Hand Weapons
 a - a +0 mace
 e - a +1 whip of venom (weapon)
Armour
 b - a +0 robe
 h - a cursed +0 leather armour (worn)
Jewellery
 i - a +4 ring of intelligence
 l - a +2 ring of protection (right hand)
 p - a ring of protection from fire (left hand)
Scrolls
 d - 4 scrolls of remove curse {unknown}
 f - 3 scrolls of identify {unknown}
 j - a scroll of teleportation {unknown}
 m - 2 scrolls of immolation {unknown}
Potions
 g - a potion of flight {unknown}
 k - 2 potions of lignification {unknown}
 n - a potion of curing {unknown}
Comestibles
 c - 4 rations


   Skills:
 + Level 6.6 Fighting
 + Level 1.2 Short Blades
 + Level 1.2 Long Blades
 + Level 1.2 Axes
 + Level 6.6 Maces & Flails
 + Level 1.2 Polearms
 + Level 1.2 Staves
 + Level 1.2 Slings
 + Level 1.2 Bows
 + Level 1.2 Crossbows
 + Level 1.2 Throwing
 + Level 1.2 Armour
 + Level 6.6 Dodging
 + Level 4.3 Stealth
 + Level 1.2 Shields
 + Level 1.2 Unarmed Combat
 + Level 1.2 Spellcasting
 + Level 1.0 Conjurations
 + Level 1.0 Hexes
 + Level 1.0 Charms
 + Level 1.0 Summonings
 + Level 1.0 Necromancy
 + Level 1.0 Translocations
 + Level 1.0 Transmutations
 + Level 1.0 Fire Magic
 + Level 1.0 Ice Magic
 + Level 1.0 Air Magic
 + Level 1.0 Earth Magic
 + Level 1.0 Poison Magic
 + Level 1.3 Invocations
 + Level 1.2 Evocations


You had 5 spell levels left.
You didn't know any spells.
Your spell library was empty.

Dungeon Overview and Level Annotations

Branches:
Dungeon (3/15)

Altars:
Ru


Innate Abilities, Weirdness & Mutations

Your experience applies equally to all skills.
You have very sharp teeth.
Your uncanny sense of smell can sniff out nearby items.


Message History

The phantom hits you.
* * * LOW HITPOINT WARNING * * *
You hit the phantom.
The phantom is severely damaged.
The phantom hits you.
* * * LOW HITPOINT WARNING * * *
You hit the phantom but do no damage. You bite the phantom, but do no damage.
The phantom is severely damaged.
You hit the phantom but do no damage.
The phantom is severely damaged.
The phantom hits you.
* * * LOW HITPOINT WARNING * * *
All of the chunks of flesh in your inventory have rotted away.
You hit the phantom.
The phantom is severely damaged.
The phantom hits you but does no damage.
You closely miss the phantom. Your bite misses the phantom.
The phantom is severely damaged.
The phantom hits you.
You die...

................
..##...#....###
.###...#....# ∆
.###..##....######
......###........#
....^## #...#....#
...### #...#....# .####
##..##...# .)..####
#..####@#
.))....####.....W....#
.)†......###............
...[.)....####.......###
.###.####..# ####....#
.# #...##..## ###.# .#
#....#...# .#
.###....#...# #
..##........##


You could see a phantom.

Vanquished Creatures
  3 adders
  A worm (D:3)
  A dart slug (D:2)
  3 leopard geckos
  4 orcs (D:3)
  3 giant cockroaches
  5 hobgoblins
  A jackal (D:3)
  11 kobolds
  8 bats
  5 frilled lizards
  6 goblins
  8 rats
59 creatures vanquished.

Notes
Turn   | Place    | Note
-------+----------+-------------------------------------------
     0 | D:1      | Freyura the Gnoll Monk began the quest for the Orb.
     0 | D:1      | Reached XP level 1. HP: 23/23 MP: 1/1
   199 | D:1      | Reached XP level 2. HP: 29/29 MP: 2/2
   575 | D:1      | Reached XP level 3. HP: 30/35 MP: 3/3
   865 | D:2      | Found a faded altar of an unknown god.
   874 | D:2      | Reached skill level 1 in Invocations
   975 | D:2      | Found a sacrificial altar of Ru.
  1004 | D:2      | Reached skill level 1 in Short Blades
  1004 | D:2      | Reached skill level 1 in Long Blades
  1004 | D:2      | Reached skill level 1 in Axes
  1004 | D:2      | Reached skill level 1 in Polearms
  1004 | D:2      | Reached skill level 1 in Staves
  1004 | D:2      | Reached skill level 1 in Slings
  1004 | D:2      | Reached skill level 1 in Bows
  1004 | D:2      | Reached skill level 1 in Crossbows
  1004 | D:2      | Reached skill level 1 in Throwing
  1004 | D:2      | Reached skill level 1 in Armour
  1004 | D:2      | Reached skill level 1 in Shields
  1004 | D:2      | Reached skill level 1 in Unarmed Combat
  1004 | D:2      | Reached skill level 1 in Spellcasting
  1004 | D:2      | Reached skill level 1 in Evocations
  1223 | D:2      | Reached XP level 4. HP: 41/41 MP: 5/5
  1524 | D:3      | Reached skill level 1 in Conjurations
  1524 | D:3      | Reached skill level 1 in Hexes
  1524 | D:3      | Reached skill level 1 in Charms
  1524 | D:3      | Reached skill level 1 in Summonings
  1524 | D:3      | Reached skill level 1 in Necromancy
  1524 | D:3      | Reached skill level 1 in Translocations
  1524 | D:3      | Reached skill level 1 in Transmutations
  1524 | D:3      | Reached skill level 1 in Fire Magic
  1524 | D:3      | Reached skill level 1 in Ice Magic
  1524 | D:3      | Reached skill level 1 in Air Magic
  1524 | D:3      | Reached skill level 1 in Earth Magic
  1524 | D:3      | Reached skill level 1 in Poison Magic
  1569 | D:3      | Noticed a phantom
  1613 | D:3      | Slain by a phantom

Skill      XL: |  1  2  3  4 |
---------------+-------------+-----
Invocations    | 1 |  1.3
Short Blades   | 1 |  1.2
Long Blades    | 1 |  1.2
Axes           | 1 |  1.2
Polearms       | 1 |  1.2
Staves         | 1 |  1.2
Slings         | 1 |  1.2
Bows           | 1 |  1.2
Crossbows      | 1 |  1.2
Throwing       | 1 |  1.2
Armour         | 1 |  1.2
Shields        | 1 |  1.2
Unarmed Combat | 1 |  1.2
Spellcasting   | 1 |  1.2
Evocations     | 1 |  1.2
Conjurations   | 1 |  1.0
Hexes          | 1 |  1.0
Charms         | 1 |  1.0
Summonings     | 1 |  1.0
Necromancy     | 1 |  1.0
Translocations | 1 |  1.0
Transmutations | 1 |  1.0
Fire Magic     | 1 |  1.0
Ice Magic      | 1 |  1.0
Air Magic      | 1 |  1.0
Earth Magic    | 1 |  1.0
Poison Magic   | 1 |  1.0
Fighting       | |  6.6
Maces & Flails | |  6.6
Dodging        | |  6.6
Stealth        | |  4.3

Action                   |  1- 3 |  4- 6 || total
-------------------------+-------+-------++-------
Melee: Mace              |    29 |       ||    29
       Whip              |    43 |    77 ||   120
       Bite              |     6 |     7 ||    13
 Stab: Sleeping          |    12 |     5 ||    17
  Eat: Chunk             |       |     2 ||     2
Armor: Robe              |     7 |       ||     7
       Leather armour    |     9 |     5 ||    14
Dodge: Dodged            |    47 |    43 ||    90
